 Dungeon Crawl Stone Soup version 0.28.0 (webtiles) character file.

Game seed: 8936261484266578812

70 Ayyar the Chopper (level 4, 0/34 HPs)
             Began as a Demonspawn Gladiator on Apr 13, 2022.
             Killed by divine providence
             ... invoked by an orc priest
              (11 damage)
             ... on level 3 of the Dungeon.
             The game lasted 00:03:40 (2396 turns).

Ayyar the Chopper (Demonspawn Gladiator)            Turns: 2396, Time: 00:03:40

Health: 0/34       AC:  7    Str: 16    XL:     4   Next: 4%
Magic:  4/4        EV: 12    Int:  9    God:
Gold:   25         SH:  0    Dex: 15    Spells: 3/3 levels left

rFire   . . .      SeeInvis .   a - +0 war axe
rCold   . . .      Faith    .   (no shield)
rNeg    . . .      Spirit   .   b - +0 leather armour
rPois   .          Reflect  .   c - +0 helmet
rElec   .          Harm     .   (no cloak)
rCorr   .          Rampage  .   (no gloves)
Will    +....                   (no boots)
Stlth   +.........              (no amulet)
HPRegen 0.11/turn               g - ring of willpower
MPRegen 0.09/turn               (no ring)

@: no status effects
A: hooves 1, icy blue scales 2
a: no special abilities


You were on level 3 of the Dungeon.
You visited 1 branch of the dungeon, and saw 3 of its levels.

You collected 25 gold pieces.

Inventory:

Hand Weapons
 a - a +0 war axe (weapon)
Missiles
 d - 3 throwing nets (quivered)
Armour
 b - a +0 leather armour (worn)
 c - a +0 helmet (worn)
Jewellery
 g - a ring of willpower (left hand)
Scrolls
 e - a scroll of summoning {unknown}
 i - 2 scrolls of identify {unknown}
Potions
 f - 2 potions of curing
 h - a potion of invisibility {unknown}


   Skills:
 + Level 2.7 Fighting
 + Level 3.2 Axes
 + Level 2.4 Throwing
 + Level 3.2 Dodging


You had 3 spell levels left.
You didn't know any spells.
Your spell library was empty.

Dungeon Overview and Level Annotations

Branches:
Dungeon (3/15)

Altars:


Innate Abilities, Weirdness & Mutations

You have large cloven feet.
You are mostly covered in icy blue scales. (AC +3)


Message History

You closely miss the orc priest.
The orc throws a boomerang.
The boomerang hits you but does no damage.
The orc priest casts a cantrip, but nothing happens.
You barely miss the orc priest.
You kick the orc priest, but do no damage.
You closely miss the ball python.
An orc comes into view. It is wielding a +0 falchion.
The ball python barely misses you. x2; The orc priest closely misses you.
The orc shouts!
You hit the orc priest.
The orc priest is lightly wounded.
You closely miss the ball python.
The ball python bites you but does no damage.
The ball python completely misses you. The orc priest barely misses you.
The ball python barely misses you. The ball python closely misses you.
The orc priest hits you with a +0 falchion.
You hit the orc priest but do no damage.
You kick the orc priest, but do no damage.
The orc priest is lightly wounded.
You barely miss the ball python. The ball python closely misses you.
The ball python grabs you. The ball python constricts you.
The orc priest invokes the aid of Beogh against you.
Beogh smites you! The ball python barely misses you.
The ball python constricts you.
You hit the orc priest.
You kick the orc priest, but do no damage.
The orc priest is heavily wounded.
You completely miss the ball python.
The orc priest mumbles some strange prayers to Beogh against you.
Beogh smites you!
* * * LOW HITPOINT WARNING * * *
The ball python barely misses you. The ball python constricts you.
You escape the ball python's grasp.
It was a potion of curing.
You feel better. The orc priest barely misses you.
The ball python bites you but does no damage.
The ball python closely misses you.
The orc priest calls down the wrath of Beogh upon you.
Beogh smites you!
You die...

#.........##.#####.#
#####.........##.# #.#
..............##.# #.#
...###..........##.# #..
...........#######.###
#.## ...####.#### ...
..#.. .... #..# #..#.#.#
#.#. ..#####.####.#..#.#.#
#.#. .........@......>.#.#
#.#.
..#####.S######..<..###.#.
##.## #...........
#o.#...............
#..#...............
#oo#...##.#####.###
#......##. #.# #
#)#....##. #.# #
....o......#.##. #.# .


You could see an orc priest, an orc and a ball python.

Vanquished Creatures
  An adder (D:2)
  2 worms (D:2)
  3 dart slugs
  An orc (D:3)
  4 ball pythons
  3 bats
  4 endoplasms
  2 giant cockroaches
  6 goblins
  3 hobgoblins (D:2)
  3 jackals (D:2)
  3 quokkas (D:1)
  5 kobolds
  4 rats
44 creatures vanquished.

Notes
Turn   | Place    | Note
-------+----------+-------------------------------------------
     0 | D:1      | Ayyar the Demonspawn Gladiator began the quest for the Orb.
     0 | D:1      | Reached XP level 1. HP: 16/16 MP: 1/1
   365 | D:1      | Gained mutation: You are partially covered in icy blue
                  | scales. (AC +2) [demonic ancestry]
   365 | D:1      | Reached XP level 2. HP: 22/22 MP: 2/2
   967 | D:2      | Gained mutation: You are mostly covered in icy blue scales.
                  | (AC +3) [demonic ancestry]
   967 | D:2      | Reached XP level 3. HP: 24/28 MP: 3/3
  2347 | D:3      | Gained mutation: You have large cloven feet. [demonic
                  | ancestry]
  2347 | D:3      | Reached XP level 4. HP: 34/34 MP: 4/4
  2388 | D:3      | HP: 1/34 [orc priest/divine providence (11)]
  2396 | D:3      | Killed from afar by an orc priest

Illustrated notes

Levels and vault maps discovered:
D:1:      shiori_arrival_maze, layout_basic
D:2:      layout_basic
D:3:      layout_basic, nicolae_ecumenical_snake_handling,
          small_statue_intersection, uniq_robin

Skill      XL: |  1  2 |
---------------+-------+-----
Throwing       | 2 |  2.4
Axes           | 3 |  3.2
Dodging        | 3 |  3.2
Fighting       | |  2.7

Action                   |  1- 3 |  4- 6 || total
-------------------------+-------+-------++-------
Melee: War axe           |   137 |     8 ||   145
       Punch             |     2 |       ||     2
       Kick              |       |     4 ||     4
  Use: Potion            |       |     1 ||     1
 Stab: Sleeping          |     1 |       ||     1
Armor: Leather armour    |    55 |     3 ||    58
Dodge: Dodged            |    98 |    12 ||   110
